 Dungeon Crawl Stone Soup version 0.26-a0-30-g56b8cd3df0 (webtiles) character file.

Game seed: 13654030758491961295, levelgen mode: deterministic

34 Hasart the Grave Robber (level 3, 0/24 HPs)
             Began as a Demonspawn Necromancer on June 3, 2020.
             Slain by an orc
             ... wielding a +0 trident
              (6 damage)
             ... on level 2 of the Dungeon.
             The game lasted 00:02:55 (1448 turns).

Hasart the Grave Robber (Demonspawn Necromancer)    Turns: 1448, Time: 00:02:55

Health: 0/24       AC:  2    Str:  8    XL:     3   Next: 14%
Magic:  0/6        EV: 12    Int: 17    God:
Gold:   57         SH:  0    Dex: 13    Spells: 5/6 levels left

rFire    . . .     SeeInvis .   f - -1 whip (curse)
rCold    . . .     Gourm    .   (no shield)
rNeg     . . .     Faith    .   a - +0 robe
rPois    .         Spirit   .   (no helmet)
rElec    .         Reflect  .   (no cloak)
rCorr    .         Harm     .   (no gloves)
MR       .....                  (no boots)
Stlth    ++........             (no amulet)
HPRegen  0.08/turn              (no ring)
MPRegen  0.10/turn              (no ring)

@: no status effects
A: claws 1
a: no special abilities


You were on level 2 of the Dungeon.
You were not hungry.

You visited 1 branch of the dungeon, and saw 2 of its levels.

You collected 57 gold pieces.

Inventory:

Hand Weapons
 e - a +0 dagger
 f - a cursed -1 whip (weapon)
Armour
 a - a +0 robe (worn)
Jewellery
 b - an uncursed ring of see invisible {unknown}
 l - a +4 ring of evasion {unknown}
Scrolls
 d - 2 scrolls of teleportation {unknown}
 g - a scroll of magic mapping {unknown}
 h - a scroll of noise {unknown}
 i - a scroll of enchant armour {unknown}
 j - a scroll of identify {unknown}
 k - a scroll of blinking {unknown}
Comestibles
 c - 3 rations


   Skills:
 + Level 2.2 Dodging
 - Level 1.7 Stealth
 + Level 2.3 Spellcasting
 * Level 5.0 Necromancy


You had 5 spell levels left.
You knew the following spells:

 Your Spells              Type           Power        Failure   Level  Hunger
a - Pain                  Necr           ###.         2%          1    #......

Your spell library contained the following spells:

 Spells                   Type           Power        Failure   Level  Hunger
 Animate Skeleton         Necr           N/A          2%          1    #......
 Vampiric Draining        Necr           ###.......   7%          3    ###....
 Animate Dead             Necr           N/A          22%         4    #####..
 Agony                    Necr           ###.....     54%         5    ######.


Dungeon Overview and Level Annotations

Branches:
Dungeon (2/15)

Altars:


Innate Abilities, Weirdness & Mutations

You have sharp fingernails.


Message History

The orc priest hits you but does no damage.
Casting: Pain (safe; 2% risk of failure)
Confirm with . or Enter, or press ? or * to list all spells.
Aiming: Pain (safe; 2% risk of failure)
Press: ? - help, Shift-Dir - straight line, f/p - orc priest
Aim: an orc priest, wielding a +0 morningstar (heavily wounded, chance to defeat MR: 78%)
The orc priest writhes in agony.
The orc hits you from afar with a +0 trident.
The orc priest hits you with a +0 morningstar!
* * * LOW HITPOINT WARNING * * *
Casting: Pain (safe; 2% risk of failure)
Confirm with . or Enter, or press ? or * to list all spells.
You don't have enough magic to cast that spell.
Casting: Pain (safe; 2% risk of failure)
Confirm with . or Enter, or press ? or * to list all spells.
You don't have enough magic to cast that spell.
You barely miss the orc priest.
The orc priest is severely wounded.
The orc hits you from afar with a +0 trident.
You die...

h.. ...... .... # ......
.... .# †..... ..... ..#
...... #....#+## ...#
†..... #......# ....+
w..... ####......#o....#
..#+##..........@o......
..#.##...........##########
..#.##....................#
###.......(..........####.#
###..................####.#
<.#.....###..##........<#.#
#.............#.#..######.#
#.....[...#...#...........#
#.........#.###.#..########


You could see an orc priest, an orc and a jackal (wandering).

Vanquished Creatures
  A dart slug (D:1)
  An orc (D:2)
  6 bats (D:1)
  2 goblins (D:1)
  5 hobgoblins (D:1)
  4 jackals
  2 frilled lizards (D:1)
  4 kobolds
  2 rats (D:1)
27 creatures vanquished.

Notes
Turn   | Place    | Note
-------+----------+-------------------------------------------
     0 | D:1      | Hasart the Demonspawn Necromancer began the quest for the
                  | Orb.
     0 | D:1      | Reached XP level 1. HP: 13/13 MP: 3/3
   294 | D:1      | Gained mutation: You have sharp fingernails. [demonic
                  | ancestry]
   294 | D:1      | Reached XP level 2. HP: 18/19 MP: 1/5
   994 | D:1      | Reached skill level 5 in Necromancy
  1328 | D:2      | Reached XP level 3. HP: 23/24 MP: 3/6
  1448 | D:2      | Slain by an orc

Illustrated notes

Levels and vault maps discovered:
D:1:      scummos_arrival_hexagon, layout_loops_ring, dk_noncrumbling_4
D:2:      minmay_angry_zag, layout_basic, minmay_misc_feat_plants

Skill      XL: |  1  2 |
---------------+-------+-----
Dodging        | 2 |  2.2
Necromancy     | 5 |  5.0
Stealth        | |  1.7
Spellcasting   | |  2.3

Action                   || total
-------------------------++-------
Melee: Whip              ||    10
 Cast: Pain              ||    46
  Eat: Chunk             ||     2
Armor: Robe              ||    17
Dodge: Dodged            ||    42

Table legend:
 A = Non-vault XP
 B = Vault XP
 C = Vault XP percentage of total XP
 D = Non-vault monster count
 E = Vault monster count
 F = Vault count percentage of total count
                 A         B        C        D         E       F
            +---------+---------+-------+---------+---------+-------
      Total |      49 |       0 |   0.0 |      27 |       0 |   0.0
            +---------+---------+-------+---------+---------+-------
        D:1 |      42 |       0 |   0.0 |      24 |       0 |   0.0
        D:2 |       7 |       0 |   0.0 |       3 |       0 |   0.0
            +---------+---------+-------+---------+---------+-------
